 Dungeon Crawl Stone Soup version 0.23.2 (webtiles) character file.

Game seed: 16307910682693878844

11589 Kairos the Cleaver (level 11, -2/97 HPs)
             Began as a Minotaur Fighter on Mar 31, 2019.
             Was a High Priest of Okawaru.
             Slain by a spiny frog (7 damage)
             ... on level 1 of the Lair of Beasts.
             The game lasted 00:20:06 (9593 turns).

Kairos the Cleaver (Minotaur Fighter)               Turns: 9593, Time: 00:20:07

Health: -2/97      AC: 25    Str: 26    XL:     11   Next: 51%
Magic:  11/13      EV: 10    Int:  8    God:    Okawaru [*****.]
Gold:   367        SH: 14    Dex: 10    Spells: 10/10 levels left

rFire    . . .     SeeInvis +   E - +0 broad axe of the Butterfly {elec, *Corrode rElec rC+ SInv}
rCold    + + .     Gourm    +   c - +0 shield
rNeg     . . .     Faith    .   p - +3 plate armour
rPois    .         Spirit   .   (helmet restricted)
rElec    +         Reflect  .   b - +0 cloak
rCorr    .         Harm     .   y - +0 pair of gloves
MR       .....                  (no boots)
Stlth    ..........             s - amulet of the gourmand
HPRegen  0.26/turn              r - ring of protection from cold
MPRegen  0.13/turn              j - +3 ring of intelligence

@: heroism, slowed, very slow
A: retaliatory headbutt, hooves 1, horns 2, yellow scales 1, see invisible,
shaggy fur 1, strong 1
a: Heroism, Finesse, Renounce Religion


You were on level 1 of the Lair of Beasts.
You worshipped Okawaru.
Okawaru was extremely pleased with you.
You were very hungry.

You visited 3 branches of the dungeon, and saw 13 of its levels.
You also visited: Bailey.

You collected 596 gold pieces.
You spent 229 gold pieces at shops.

Inventory:

Hand Weapons
 t - a +1 broad axe
 D - the +7 flail of World Downfall {holy, Str+4}
   (You took it off an orc wizard on level 9 of the Dungeon)

   It has been blessed by the Shining One to cause great damage to the undead
   and demons.
   It affects your strength (+4).
 E - the +0 broad axe of the Butterfly (weapon) {elec, *Corrode rElec rC+ SInv}
   (Okawaru gifted it to you on level 1 of the Lair of Beasts)

   Occasionally, upon striking a foe, it will discharge some electrical energy
   and cause terrible harm.
   It protects you from cold.
   It insulates you from electricity.
   It lets you see invisible.
   It may corrode you when you take damage.
 G - a +5 morningstar
 T - the +3 mace of Popular Demand {drain, rN+ Dex+4}
   (You found it on level 11 of the Dungeon)

   A truly terrible weapon, it drains the life of those it strikes.
   It affects your dexterity (+4).
   It protects you from negative energy.
 U - the +6 mace of Brutal Revenge {protect, rC+ MR+}
   (You found it on level 10 of the Dungeon)

   It protects the one who uses it against injury (+AC on strike).
   It protects you from cold.
   It affects your resistance to hostile enchantments.
Missiles
 I - 72 tomahawks of returning (quivered)
Armour
 b - a +0 cloak (worn)
 c - a +0 shield (worn)
 o - a +0 ring mail of fire resistance
 p - a +3 plate armour (worn)
 y - a +0 pair of gloves (worn)
 C - a +0 chain mail of cold resistance
 Q - a +1 pair of boots
Jewellery
 a - a cursed -3 ring of intelligence
 j - a +3 ring of intelligence (right hand)
 r - a ring of protection from cold (left hand)
 s - an amulet of the gourmand (around neck)
 H - a +2 ring of intelligence
Wands
 z - a wand of clouds (1)
 A - a wand of acid (9)
 N - a wand of digging (7)
 S - a wand of flame (12)
Scrolls
 e - 5 scrolls of immolation
 g - 4 scrolls of fog
 h - 2 scrolls of fear
 i - 2 scrolls of magic mapping
 k - 2 scrolls of blinking {unknown}
 l - 10 scrolls of teleportation
 m - 5 scrolls of remove curse
 n - 7 scrolls of amnesia
 M - a scroll of acquirement {unknown}
 R - a scroll of enchant armour
Potions
 d - 2 potions of might
 q - 3 potions of agility
 u - 8 potions of flight
 v - 6 potions of lignification
 w - 5 potions of curing
 x - a potion of brilliance
 B - 3 potions of magic
 F - a potion of cancellation
 J - a potion of haste
 K - 3 potions of mutation
 L - a potion of berserk rage
Miscellaneous
 O - a box of beasts
Comestibles
 f - 20 rations


   Skills:
 + Level 9.0(14.0) Fighting
 + Level 14.4(19.4) Axes
 + Level 8.8(13.8) Armour
 + Level 1.6(6.6) Dodging
 + Level 0.2(5.2) Stealth
 + Level 10.1(15.1) Shields
 * Level 5.1 Invocations


You had 10 spell levels left.
You didn't know any spells.
Your spell library contained the following spells:

 Spells                   Type           Power        Failure   Level  Hunger
 Flame Tongue             Conj/Fire      #....        97%         1    ##.....
 Throw Flame              Conj/Fire      #.....       99%         2    ###....
 Conjure Flame            Conj/Fire      #.......     100%        3    ####...
 Inner Flame              Hex/Fire       #.......     100%        3    ####...
 Sticky Flame             Conj/Fire      #.......     100%        4    #####..
 Fireball                 Conj/Fire      #.........   100%        5    ######.


Dungeon Overview and Level Annotations

Branches:
Dungeon (11/15)            Temple (1/1) D:4            Lair (1/6) D:9
    Orc: D:9-12

Altars:
Ashenzari
Cheibriados
Dithmenos
Elyvilon
Fedhas
Gozag
Hepliaklqana
Kikubaaqudgha
Makhleb
Nemelex Xobeh
Okawaru
Qazlal
Ru
Sif Muna
Trog
Uskayaw
Vehumet
Wu Jian
Xom
Yredelemnul
Zin
The Shining One

Shops:
D:4 [[*   D:10 :[*


Innate Abilities, Weirdness & Mutations

You reflexively headbutt those who attack you in melee.
You have a pair of horns on your head.
You have large cloven feet.
You are partially covered in yellow scales. (AC +2)
You have supernaturally acute eyesight. (SInv)
You are covered in fur. (AC +1)
Your muscles are strong. (Str +2)


Message History

The spiny frog poisons you!
You feel better.
You are feeling very hungry.
The spiny frog barely misses you. You furiously retaliate!
You headbutt the spiny frog, but do no damage.
You block the spiny frog's attack.
You barely miss the spiny frog. Your kick misses the spiny frog.
The spiny frog is severely wounded.
The spiny frog stings you!
* * * LOW HITPOINT WARNING * * *
The spiny frog closely misses you.
You closely miss the spiny frog. Your kick misses the spiny frog.
You headbutt the spiny frog.
The spiny frog is severely wounded.
The spiny frog stings you.
* * * LOW HITPOINT WARNING * * *
Unknown command.
You gain the combat prowess of a mighty hero.
The spiny frog stings you!
You die...

## ##........ .#
#.........> .#
##.......... .##
#........... ..#
##.#......... ..#
##.)#......... [.##
#..#.......... ...#
###..#...F......
(..######...###.@.......
...#.P.###..P##.........
.......##...####......##
#####......## .......#
#####...# ......##
##......###### #....##
##..## #..#


You could see a spiny frog.

Vanquished Creatures
  Gastronok (Lair:1)
  An unseen horror (D:10)
  An orc knight (Bailey)
  Pikel (D:7)
  A spiny frog (Lair:1)
  A hippogriff (Lair:1)
  Prince Ribbit (D:6)
  A spriggan (D:7)
  A wyvern (D:8)
  4 yaks (Lair:1)
  2 basilisks (D:9)
  A water moccasin (Lair:1)
  2 porcupines
  A phantom (D:8)
  2 sky beasts
  8 orc warriors
  5 black bears
  An ice beast (D:7)
  5 ogres
  2 centaurs
  2 wolves (D:9)
  2 crocodiles
  2 big kobolds
  5 bullfrogs
  2 wyvern skeletons
  2 water moccasin skeletons
  4 scorpions
  8 killer bees (D:8)
  17 wights
  2 electric eels (D:10)
  A howler monkey (D:5)
  2 crimson imps
  4 hounds
  A jelly (D:10)
  A quasit (D:11)
  4 centaur zombies
  4 orc priests
  3 iguanas
  A bullfrog skeleton (D:4)
  3 centaur skeletons
  14 orc wizards
  2 worker ants
  2 hound skeletons
  20 gnolls
  15 adders
  2 shadow imps
  An ooze (D:2)
  An adder zombie (D:7)
  4 worms
  4 dart slugs
  5 leopard geckos
  33 orcs
  2 ball pythons
  2 bats (D:1)
  7 giant cockroaches
  7 goblins
  17 hobgoblins
  11 jackals
  2 quokkas
  8 frilled lizards
  29 kobolds
  2 quokka skeletons
  A quokka zombie (D:9)
  10 rats
  2 fungi (D:9)
  A plant (D:9)
316 creatures vanquished.

Vanquished Creatures (others)
  An adder (D:7)
  A goblin (D:2)
  4 fungi (D:9)
  2 plants
8 creatures vanquished.

Grand Total: 324 creatures vanquished

Notes
Turn   | Place    | Note
-------+----------+-------------------------------------------
     0 | D:1      | Kairos the Minotaur Fighter began the quest for the Orb.
     0 | D:1      | Reached XP level 1. HP: 19/19 MP: 0/0
    79 | D:1      | Reached XP level 2. HP: 23/27 MP: 1/1
   748 | D:2      | Reached skill level 3 in Axes
   810 | D:2      | Reached XP level 3. HP: 32/33 MP: 2/2
  1000 | D:2      | Found a snail-covered altar of Cheibriados.
  1284 | D:2      | Found a burning altar of Makhleb.
  1288 | D:2      | Reached XP level 4. HP: 40/40 MP: 3/3
  1920 | D:3      | Found a white marble altar of Elyvilon.
  2076 | D:3      | Reached skill level 4 in Axes
  2076 | D:3      | Reached XP level 5. HP: 42/47 MP: 4/4
  2094 | D:3      | Found a stormy altar of Qazlal.
  2392 | D:4      | Found Vughejan's Assorted Antiques.
  2460 | D:4      | Reached skill level 5 in Axes
  2502 | D:4      | Found a deep blue altar of Sif Muna.
  2526 | D:4      | Found a staircase to the Ecumenical Temple.
  2539 | D:4      | Found a sparkling altar of Nemelex Xobeh.
  2656 | D:4      | Found Isatz's Armour Emporium.
  2681 | D:4      | Found Solotuemn's Antique Armour Shoppe.
  2917 | D:4      | Bought a pair of runed gloves for 157 gold pieces
  2939 | D:4      | Bought a scroll labeled JOENOLOCSIM for 24 gold pieces
  2939 | D:4      | Bought a scroll of identify for 48 gold pieces
  2975 | Temple   | Entered the Ecumenical Temple
  3035 | Temple   | Became a worshipper of Warmaster Okawaru
  3071 | D:5      | Entered Level 5 of the Dungeon
  3113 | D:5      | Reached skill level 5 in Shields
  3127 | D:5      | Noticed a moth of wrath
  3130 | D:5      | Found a bloodstained altar of Trog.
  3137 | D:5      | Reached XP level 6. HP: 48/53 MP: 5/5
  3317 | D:5      | Reached skill level 6 in Axes
  3596 | D:5      | Found a hide-covered altar of Uskayaw.
  3782 | D:5      | Gained mutation: You have large cloven feet. [potion of
                  | mutation]
  3782 | D:5      | Gained mutation: You are weak. (Str -2) [potion of
                  | mutation]
  3782 | D:5      | Gained mutation: You are covered in fur. (AC +1) [potion of
                  | mutation]
  3782 | D:5      | Gained mutation: You are partially covered in yellow
                  | scales. (AC +2) [potion of mutation]
  3783 | D:5      | Lost mutation: You are partially covered in yellow scales.
                  | (AC +2) [potion of mutation]
  3783 | D:5      | Lost mutation: You are weak. (Str -2) [potion of mutation]
  3783 | D:5      | Gained mutation: Your muscles are strong. (Str +2) [potion
                  | of mutation]
  3783 | D:5      | Gained mutation: You are partially covered in yellow
                  | scales. (AC +2) [potion of mutation]
  3783 | D:5      | Gained mutation: You have supernaturally acute eyesight.
                  | (SInv) [potion of mutation]
  3817 | D:6      | Noticed a sky beast
  3825 | D:6      | Killed a sky beast
  3825 | D:6      | Reached skill level 7 in Axes
  3825 | D:6      | Reached XP level 7. HP: 56/60 MP: 6/6
  3827 | D:6      | Reached * piety under Okawaru
  3853 | D:6      | Reached skill level 5 in Fighting
  3980 | D:6      | Noticed Prince Ribbit
  4025 | D:6      | Killed Prince Ribbit
  4025 | D:6      | Reached skill level 8 in Axes
  4025 | D:6      | Reached skill level 5 in Armour
  4058 | D:6      | Reached XP level 8. HP: 46/70 MP: 7/7
  4331 | D:7      | Reached ** piety under Okawaru
  4339 | D:7      | Reached skill level 9 in Axes
  4401 | D:7      | Reached skill level 1 in Dodging
  4452 | D:7      | Reached skill level 10 in Axes
  4537 | D:7      | Reached *** piety under Okawaru
  4568 | D:7      | Reached XP level 9. HP: 74/79 MP: 8/8
  4735 | D:7      | Noticed Pikel
  4759 | D:7      | Killed Pikel
  4759 | D:7      | Reached skill level 11 in Axes
  4816 | D:7      | Found a sparkling altar of Nemelex Xobeh.
  4830 | D:7      | Reached **** piety under Okawaru
  5165 | D:8      | Reached skill level 1 in Invocations
  5166 | D:8      | Found a flagged portal.
  5176 | Bailey   | Entered a bailey
  5232 | Bailey   | Reached skill level 12 in Axes
  5306 | Bailey   | Noticed an orc knight
  5408 | Bailey   | Killed an orc knight
  5408 | Bailey   | Reached XP level 10. HP: 52/88 MP: 7/10
  5574 | D:8      | Found a hazy altar of Hepliaklqana.
  5676 | D:8      | Found a shattered altar of Ashenzari.
  5878 | D:8      | Found a glowing golden altar of the Shining One.
  5932 | D:8      | Reached ***** piety under Okawaru
  6289 | D:9      | Reached skill level 13 in Axes
  6516 | D:9      | Found an opulent altar of Gozag.
  6516 | D:9      | Found a shimmering altar of Xom.
  6516 | D:9      | Found a hide-covered altar of Uskayaw.
  6579 | D:9      | Found a staircase to the Lair.
  6854 | D:9      | You fall through a shaft for 2 floors!
  7736 | D:11     | Found the +8 storm bow {elec}
  7809 | D:11     | Got a pitted mace
  7810 | D:11     | Identified the cursed +3 mace of Popular Demand {drain, rN+
                  | Dex+4} (You found it on level 11 of the Dungeon)
  7842 | D:10     | Entered Level 10 of the Dungeon
  7842 | D:10     | Found Asuw's Antique Armour Emporium.
  8078 | D:10     | Noticed an unseen horror
  8450 | D:10     | Killed an unseen horror
  8450 | D:10     | Received a gift from Okawaru
  8450 | D:10     | Reached XP level 11. HP: 89/95 MP: 13/13
  8488 | D:10     | Found Goragein's Assorted Antiques.
  8841 | D:10     | Found Cudd's Book Boutique.
  8872 | D:10     | Got an ancient mace
  8873 | D:10     | Identified the +6 mace of Brutal Revenge {protect, rC+ MR+}
                  | (You found it on level 10 of the Dungeon)
  9193 | D:9      | Found a deep blue altar of Sif Muna.
  9256 | D:9      | Identified the +7 flail of World Downfall {holy, Str+4}
  9304 | Lair:1   | Entered Level 1 of the Lair of Beasts
  9426 | Lair:1   | Reached skill level 14 in Axes
  9536 | Lair:1   | Noticed Gastronok
  9556 | Lair:1   | Killed Gastronok
  9556 | Lair:1   | Received a gift from Okawaru
  9556 | Lair:1   | Reached skill level 10 in Shields
  9559 | Lair:1   | Got a polished broad axe {god gift}
  9560 | Lair:1   | Identified the +0 broad axe of the Butterfly {elec,
                  | *Corrode rElec rC+ SInv} (Okawaru gifted it to you on level
                  | 1 of the Lair of Beasts)
  9583 | Lair:1   | Reached skill level 5 in Invocations
  9589 | Lair:1   | HP: 4/97 [spiny frog (9)]
  9593 | Lair:1   | Slain by a spiny frog

Skill      XL: |  1  2  3  4  5  6  7  8  9 10 11 |
---------------+----------------------------------+-----
Shields        | 4 5 6 7 9 10 | 10.1
Fighting       | 4 5 7 8 9 |  9.0
Axes           | 3 4 5 7 8 10 12 13 14 | 14.4
Armour         | 4 5 6 7 8 |  8.8
Dodging        | 1 |  1.6
Invocations    | 1 4 5 |  5.1
Stealth        | |  0.2

Action                   |  1- 3 |  4- 6 |  7- 9 | 10-12 || total
-------------------------+-------+-------+-------+-------++-------
Melee: War axe           |   111 |   118 |   272 |     3 ||   504
       Headbutt          |    11 |    18 |    46 |    65 ||   140
       Kick              |       |       |    66 |   108 ||   174
       Broad axe         |       |       |       |   324 ||   324
Invok: Heroism           |       |       |     5 |     2 ||     7
Evoke: Box of beasts     |       |       |       |     1 ||     1
       Wand              |       |       |       |     1 ||     1
  Use: Scroll            |     7 |    12 |     2 |    10 ||    31
       Potion            |       |     2 |       |     1 ||     3
  Eat: Chunk             |     1 |     5 |     9 |    10 ||    25
       Ration            |       |     1 |       |       ||     1
Armor: Scale mail        |    24 |       |       |       ||    24
       Plate armour      |    38 |    66 |   117 |   226 ||   447
Dodge: Dodged            |    30 |    23 |    50 |    67 ||   170
Block: Shield            |    68 |    62 |   165 |   220 ||   515
